 Dungeon Crawl Stone Soup version 0.12.2-18-gb8c16a5 (webtiles) character file.

86 Rycklaryybbe the Skirmisher (level 3, -1/28 HPs)
             Began as a Demonspawn Chaos Knight on Aug 17, 2013.
             Was a Plaything of Xom.
             Slain by a quasit (2 damage)
             ... summoned by Xom
             ... on Level 1 of the Dungeon.
             The game lasted 00:03:59 (831 turns).

Rycklaryybbe the Skirmisher (DsCK)                   Turns: 831, Time: 00:04:02

HP  -1/28        AC  7     Str 13      XL: 3   Next:  3%
MP   3/3         EV 10     Int 16      God: Xom
Gold 56          SH  0     Dex  7 (12) Spells:  0 memorised,  2 levels left

Res.Fire  : . . .   See Invis. : .   a - +3,+2 short sword
Res.Cold  : . . .   Warding    : .   b - +2 leather armour
Life Prot.: . . .   Conserve   : .   (no shield)
Res.Poison: .       Res.Corr.  : .   k - +0 helmet
Res.Elec. : .       Clarity    : .   (no cloak)
Sust.Abil.: . .     Spirit.Shd : .   (no gloves)
Res.Mut.  : .       Stasis     : .   (no boots)
Res.Rott. : .       Ctrl.Telep.: .   (no amulet)
Saprovore : . . .   Flight     : .   (no ring)
                                     m - cursed +3 ring of intelligence

@: slowed, very slow, not resistant to hostile enchantments, very unstealthy
A: claws 1, AC +1
a: Renounce Religion


You were on level 1 of the Dungeon.
You worshipped Xom.
You were a very special plaything of Xom.
You were not hungry.

You visited 1 branch of the dungeon, and saw 2 of its levels.

You collected 36 gold pieces.

Inventory:

Hand weapons
 a - a +3,+2 short sword (weapon)
Armour
 b - a +2 leather armour (worn)
 g - a +0 orcish ring mail
 k - a +0 helmet (worn)
Comestibles
 c - 2 bread rations
 f - 2 pears
Scrolls
 e - a scroll of enchant armour {unknown}
Jewellery
 m - a cursed +3 ring of intelligence (left claw)


   Skills:
 - Level 3.0 Fighting
 - Level 2.6 Short Blades
 - Level 1.7 Armour
 - Level 0.8 Dodging
 + Level 2.4 Unarmed Combat


You had 2 spell levels left.
You didn't know any spells.

Dungeon Overview and Level Annotations

Branches:
Dungeon (2/27)

Altars:


Innate Abilities, Weirdness & Mutations

You have sharp fingernails.
You are partially covered in icy blue scales (AC +1).


Message History

The quasit claws you but does no damage.
The quasit closely misses you.
The worm is engulfed in noxious fumes.
The worm appears confused.
Read which item? (? for menu, Esc to quit)
As you read the scroll labeled HANAHO COABBYA, it crumbles to dust.
You feel momentarily disoriented.
It was a scroll of magic mapping.
Xom makes a sudden noise!
You hear someone calling for help!
The quasit misses you.
The quasit claws you but does no damage.
The quasit barely misses you.
The quasit bites you but does no damage.
The quasit misses you. The quasit barely misses you.
The worm closely misses the swamp drake.
Read which item? (? for menu, Esc to quit)
As you read the scroll labeled STOCVY SMIWN, it crumbles to dust.
Your +2,+2 short sword glows green for a moment.
It was a scroll of enchant weapon I.
The quasit barely misses you. The quasit claws you.
You die...
Xom titters!

#............# #....#>..##....
#.#########..###..............
#.# #...##...###########
####.#########...##...#..........
#.....................#..........
#.######...###...##...#..........
......##...# #...####.#######%###
.)....##...##########.#..........
......##........@5JwJJJ⌠....###..
......##...#########l.#.....<<<..
......##...# ##.#..⌠...>...
......##.%.# #.###'#######
########...# #.......wh.%. #...#
####...###### #...# #...# # ##.##
#...# # #.##############...######


You could see a swamp drake, a worm (confused), 4 oozes and a quasit.

Vanquished Creatures
  An ooze (D:1)
  A ball python (D:1)
  4 giant cockroaches (D:1)
  A goblin (D:1)
  2 bats (D:1)
  A giant newt (D:1)
  3 jackals
  2 kobolds (D:1)
  A rat (D:1)
16 creatures vanquished.

Vanquished Creatures (collateral kills)
  A gnoll (D:1)
  A worm (D:1)
  An ooze (D:1)
  A goblin (D:1)
  A hobgoblin (D:1)
5 creatures vanquished.

Grand Total: 21 creatures vanquished

Notes
Turn   | Place    | Note
--------------------------------------------------------------
     0 | D:1      | Rycklaryybbe, the Demonspawn Chaos Knight, began the quest for the Orb.
     0 | D:1      | Reached XP level 1. HP: 16/16 MP: 1/1
    67 | D:1      | XOM: divination: magic mapping
   331 | D:1      | Reached skill level 1 in Unarmed Combat
   346 | D:1      | XOM: summons friendly lemure
   352 | D:1      | Gained mutation: You are partially covered in icy blue scales (AC +1). [demonic ancestry]
   352 | D:1      | Reached XP level 2. HP: 22/22 MP: 2/2
   392 | D:1      | XOM: stat loss: -1 Dex (11/12)
   473 | D:1      | HP: 1/22 [jackal (3)]
   804 | D:1      | Gained mutation: You have sharp fingernails. [demonic ancestry]
   804 | D:1      | Reached XP level 3. HP: 14/28 MP: 3/3
   812 | D:1      | XOM: summons 1 hostile demon
   821 | D:1      | Noticed a swamp drake
   821 | D:1      | an ooze changed into a swamp drake
   821 | D:1      | XOM: polymorph ooze -> swamp drake
   825 | D:1      | XOM: miscast effect
   829 | D:1      | HP: 1/28 [quasit[Xom] (2)]
   830 | D:1      | XOM: noise
   831 | D:1      | Slain by a quasit

Action                   || total
-------------------------++-------
Melee: Short sword       ||    63
  Use: Scroll            ||     3
       Potion            ||     1
